 Dungeon Crawl Stone Soup version 0.20.1-1-g8b1a95d (webtiles) character file.

92 Linguinho the Caller (level 4, -9/31 HPs)
             Began as a Demonspawn Summoner on Nov 4, 2017.
             Mangled by Thaneod's ghost (14 damage)
             ... on level 3 of the Dungeon.
             The game lasted 00:07:18 (3120 turns).

Linguinho the Caller (Demonspawn Summoner)          Turns: 3120, Time: 00:07:18

Health: -9/31      AC:  3    Str:  8    XL:     4   Next: 35%
Magic:  1/8        EV: 12    Int: 18    God:
Gold:   195        SH:  0    Dex: 13    Spells: 5/8 levels left

rFire    . . .     SeeInvis .   h - +0 dagger
rCold    . . .     Gourm    .   (no shield)
rNeg     . . .     Faith    .   a - +0 robe
rPois    .         Spirit   .   (no helmet)
rElec    .         Reflect  .   (no cloak)
rCorr    .         Harm     .   (no gloves)
MR       .....                  p - +0 pair of boots (curse)
Stlth    +++.......             (no amulet)
Regen    0.1/turn               (no ring)
MPRegen  0.2/turn               (no ring)

@: no status effects
A: nightstalker 1
a: no special abilities


You were on level 3 of the Dungeon.
You were not hungry.

You visited 1 branch of the dungeon, and saw 3 of its levels.

You collected 195 gold pieces.

Inventory:

Hand Weapons
 h - a +0 dagger (weapon)
Armour
 a - a +0 robe (worn)
 i - a +2 pair of gloves
 p - a cursed +0 pair of boots (worn)
Jewellery
 m - a +3 ring of intelligence {unknown}
Scrolls
 d - 4 scrolls of remove curse {unknown}
 g - a scroll of teleportation {unknown}
 j - a scroll of blinking {unknown}
 k - a scroll of magic mapping {unknown}
 l - 2 scrolls of identify {unknown}
Potions
 e - 4 potions of curing {unknown}
 f - a potion of heal wounds {unknown}
 n - 2 potions of ambrosia {unknown}
 o - a potion of cancellation {unknown}
Books
 b - a book of Callings

   Spells                             Type                      Level
   a - Summon Small Mammal            Summoning                    1
   b - Call Imp                       Summoning                    2
   c - Call Canine Familiar           Summoning                    3
   d - Summon Guardian Golem          Hexes/Summoning              3
   e - Summon Lightning Spire         Summoning/Air                4
   f - Summon Ice Beast               Ice/Summoning                4
Comestibles
 c - 3 bread rations


   Skills:
 + Level 0.8 Fighting
 + Level 1.0 Short Blades
 + Level 2.0 Dodging
 + Level 2.1 Stealth
 + Level 2.8 Spellcasting
 + Level 4.6 Summonings


You had 5 spell levels left.
You knew the following spells:

 Your Spells              Type           Power        Failure   Level  Hunger
a - Summon Small Mammal   Summ           ###.         2%          1    None
b - Call Imp              Summ           ###.....     3%          2    ##.....


Dungeon Overview and Level Annotations

Branches:
Dungeon (3/15)

Altars:

Annotations:
D:3 Thaneod's ghost, weakling MiGl


Innate Abilities, Weirdness & Mutations

You are slightly more attuned to the shadows.


Message History

Casting: Call Imp
Confirm with . or Enter, or press ? or * to list all spells.
Thaneod's ghost closely misses something.
Your crimson imp completely misses Thaneod's ghost.
You swap places.
Thaneod's ghost hits something!
Your crimson imp hits Thaneod's ghost.
Thaneod's ghost hits your crimson imp!
Your crimson imp dies!
Your crimson imp hits Thaneod's ghost.
Thaneod's ghost misses your crimson imp.
Your crimson imp hits Thaneod's ghost.
Your quokka closely misses Thaneod's ghost.
Thaneod's ghost hits your crimson imp!
Your crimson imp dies!
Your quokka bites Thaneod's ghost but does no damage.
Thaneod's ghost hits your quokka!
Your quokka dies!
Your quokka's corpse disappears in a puff of smoke!
Thaneod's ghost hits you!
You die...

###........#
########..........#
.....).........<.####
####
....###########..#..#
#..### ## #.....##
##...### ####..5...###
##..... ###....###....#
##.....
#......W###########......
#.......@...........#####
#.......#############
#########


You could see Thaneod's ghost.

Vanquished Creatures
  An adder (D:2)
  An orc (D:3)
  A ball python (D:3)
  2 giant cockroaches
  3 goblins
  3 hobgoblins
  6 bats
  2 frilled lizards (D:1)
  5 kobolds
  A rat (D:2)
25 creatures vanquished.

Vanquished Creatures (collateral kills)
  Jessica (D:3)
  4 gnolls (D:2)
  A worm (D:2)
  A giant cockroach (D:1)
  3 goblins
  3 hobgoblins
  3 kobolds (D:1)
  3 frilled lizards (D:1)
  6 rats
25 creatures vanquished.

Grand Total: 50 creatures vanquished

Notes
Turn   | Place    | Note
-------+----------+-------------------------------------------
     0 | D:1      | Linguinho the Demonspawn Summoner began the quest for the Orb.
     0 | D:1      | Reached XP level 1. HP: 13/13 MP: 3/3
   386 | D:1      | Gained mutation: You are slightly more attuned to the shadows. [demonic ancestry]
   386 | D:1      | Reached XP level 2. HP: 18/19 MP: 1/5
   390 | D:1      | Learned a level 2 spell: Call Imp
  1647 | D:2      | Reached XP level 3. HP: 3/24 MP: 1/6
  2825 | D:3      | Noticed Jessica
  2836 | D:3      | Killed Jessica
  2836 | D:3      | Reached skill level 1 in Short Blades
  2836 | D:3      | Reached XP level 4. HP: 31/31 MP: 1/8
  3094 | D:3      | Noticed Thaneod's ghost (weakling MiGl)
  3120 | D:3      | Mangled by Thaneod's ghost

Skill      XL: |  1  2  3 |
---------------+----------+-----
Stealth        | 2 |  2.1
Dodging        | 2 |  2.0
Short Blades   | 1 |  1.0
Fighting       | |  0.8
Spellcasting   | |  2.8
Summonings     | |  4.6

Action                   |  1- 3 |  4- 6 || total
-------------------------+-------+-------++-------
Melee: Unarmed           |    45 |       ||    45
       Dagger            |   124 |     4 ||   128
 Cast: Summon Small Mamm |    32 |     1 ||    33
       Call Imp          |    19 |     4 ||    23
 Stab: Sleeping          |     5 |       ||     5
       Distracted        |     1 |       ||     1
  Eat: Chunk             |     5 |       ||     5
       Meat ration       |     1 |       ||     1
Armor: Robe              |    56 |     1 ||    57
Dodge: Dodged            |   138 |       ||   138
